 Dungeon Sprint DCSS version 0.29.1-12-g30fa7ad0bf (webtiles) character file.

Game seed: 5830522563262513487

2889 Groucho the Unseen (level 9, -6/48 HPs)
             Began as a Spriggan Enchanter on Dec 22, 2022.
             Was a Believer of Dithmenos.
             Shot with a bolt by a yaktaur (25 damage)
             ... in the Dungeon (Sprint II: "The Violet Keep of Menkaure") on Dec 24, 2022.
             The game lasted 00:10:58 (930 turns).

Groucho the Unseen (Spriggan Enchanter)              Turns: 930, Time: 00:10:59

Health: -6/48      AC:  2    Str:  8    XL:     9   Next: 48%
Magic:  4/25       EV: 23    Int: 16    God:    Dithmenos [**....]
Gold:   528        SH:  0    Dex: 16    Spells: 14/30 levels left

rFire   . . .      SeeInvis +   a - +1 dagger
rCold   . . .      Faith    .   (no shield)
rNeg    . . .      Spirit   .   b - +0 robe
rPois   .          Reflect  .   (helmet restricted)
rElec   .          Harm     .   (no cloak)
rCorr   .          Rampage  .   (gloves unavailable)
Will    +....      NoTele   +   (boots unavailable)
Stlth   ++++++++..              (no amulet)
HPRegen 0.16/turn               c - ring of flight
MPRegen 0.19/turn               (no ring)

@: flying, slowed, wreathed by umbra, unable to read, quick
A: very small, no large weapons, unfitting armour, see invisible, speed 3,
inability to read after injury 1
a: Renounce Religion, Shadow Step


You were in the Dungeon.
You worshipped Dithmenos.
Dithmenos was pleased with you.
You visited 1 branch You collected 1141 gold pieces.
You spent 613 gold pieces at shops.

Inventory:

Hand Weapons
 a - a +1 dagger (weapon)
 d - a +0 vampiric rapier
Armour
 b - a +0 robe (worn)
Jewellery
 c - a ring of flight (left hand)
Scrolls
 e - a scroll of amnesia
 i - a scroll of blinking
Potions
 g - 2 potions of magic


   Skills:
 + Level 6.3 Fighting
 + Level 8.2 Short Blades
 + Level 10.3 Dodging
 - Level 16.0 Stealth
 + Level 11.3 Spellcasting
 * Level 3.7 Conjurations
 + Level 11.4 Hexes
 * Level 4.5 Earth Magic


You had 14 spell levels left.
You knew the following spells:

 Your Spells              Type           Power      Damage    Failure   Level
a - Ensorcelled Hibernat  Hex/Ice        54%        N/A       1%          2
b - Confusing Touch       Hex            45%        N/A       1%          3
c - Dazzling Flash        Conj/Hex       66%        N/A       1%          3
d - Tukima's Dance        Hex            45%        N/A       1%          3
e - Passwall              Tmut/Erth      13%        N/A       4%          2
f - Stone Arrow           Conj/Erth      44%        3d9       4%          3

Your spell library contained the following spells:

 Spells                   Type           Power      Damage    Failure   Level
 Sandblast                Erth           46%        2d11      1%          1


Dungeon Overview and Level Annotations

Branches:
Dungeon (1/1)

Altars:
Cheibriados
Dithmenos
Elyvilon
Fedhas
Gozag
Hepliaklqana
Kikubaaqudgha
Makhleb
Nemelex Xobeh
Okawaru
Qazlal
Ru
Sif Muna
Trog
Uskayaw
Vehumet
Wu Jian
Xom
Yredelemnul
Zin
The Shining One
Jiyva
Lugonu

Shops:
D [::::(?=![:=!?(

Annotations:
D exclusion: oklob plant, Roxanne


Innate Abilities, Weirdness & Mutations

You are very small and have problems with some larger weapons.
You are too small for most types of armour.
You have supernaturally acute eyesight. (SInv)
You cover ground extremely quickly. (Speed+++)
You occasionally lose the ability to read scrolls when taking damage.


Message History

Casting: Confusing Touch (safe; 1% risk of failure)
Confirm with . or Enter, or press ? or * to list all spells.
Aiming: Ensorcelled Hibernation (safe; 1% risk of failure)
Press: ? - help, Shift-Dir - straight line, f - hornet
Aim: a hornet (lightly wounded, umbra, chance to affect: 50%)
The hornet resists with some effort.
The hornet misses you. The hornet closely misses you.
Unknown command.
Casting: Ensorcelled Hibernation (safe; 1% risk of failure)
Confirm with . or Enter, or press ? or * to list all spells.
Aiming: Ensorcelled Hibernation (safe; 1% risk of failure)
Press: ? - help, Shift-Dir - straight line, f/p - hornet
Aim: a hornet (lightly wounded, umbra, chance to affect: 50%)
The hornet resists with some effort.
The hornet closely misses you.
Casting: Ensorcelled Hibernation (safe; 1% risk of failure)
Confirm with . or Enter, or press ? or * to list all spells.
Aiming: Ensorcelled Hibernation (safe; 1% risk of failure)
Press: ? - help, Shift-Dir - straight line, f/p - hornet
Aim: a hornet (lightly wounded, umbra, chance to affect: 50%)
The hornet resists with some effort.
The hornet stings you!
You feel yourself slow down. The hornet stings you.
You feel as though you will be slow longer.
Unknown command.
Unknown command.
Casting: Ensorcelled Hibernation (safe; 1% risk of failure)
Confirm with . or Enter, or press ? or * to list all spells.
Aiming: Ensorcelled Hibernation (safe; 1% risk of failure)
Press: ? - help, Shift-Dir - straight line, f/p - hornet
Aim: a hornet (lightly wounded, umbra, chance to affect: 50%)
The hornet looks drowsy...
Unknown command.
The helpless hornet fails to defend itself.
You skewer the hornet like a kebab!!!!
You kill the hornet!
Dithmenos accepts your kill.
The yaktaur wields a +0 arbalest of freezing.
It is covered in frost.
The yaktaur shoots a bolt.
The bolt hits you!!
You feel threatened and lose the ability to read scrolls!
Ouch! That really hurt!
You die...

.... .^# '# .. ####.# #
##.####..†.### ##.#
...#..#...####
#.####..#####..##$#
'###.##..#.)'.^#..#
.##.÷.#..#..#..#.c#▓!?($!)
<.'.#.'..####..##.#▓()|!!!
.##...#....###..@##▓▓▓▓▓▓▓
'###.##§.....~~~~~~~~~~~~~
#.####~~....§~#+########+#
#..#~~§~~§§..~#....._..#~~
..##~~~~§§§~§~#...._._.#~§
+##~§~≈≈§§§§~~#..._._._#S§
~~~~§~~≈§§≈§~~#.._._._.#§~
#+++#~≈≈§≈≈§≈~#._._._._#§~
~ ##§≈≈###≈≈#_._._._.#S§


You could see a yaktaur.

Vanquished Creatures
  A fire dragon (D)
  A merfolk siren (D)
  2 polar bears (D)
  A hornet (D)
  2 wyverns (D)
  4 neqoxecs (D)
  Menkaure (D)
  A water moccasin (D)
  3 black bears (D)
  4 necrophages (D)
20 creatures vanquished.

Vanquished Creatures (others)
  A water moccasin (D)
1 creature vanquished.

Grand Total: 21 creatures vanquished

Notes
Turn   | Place    | Note
-------+----------+-------------------------------------------
     0 | D        | Groucho the Spriggan Enchanter began the quest for the Orb.
     0 | D        | Reached XP level 1. HP: 9/9 MP: 5/5
     3 | D        | Noticed a neqoxec
     4 | D        | Noticed a neqoxec
     9 | D        | Killed a neqoxec
     9 | D        | Noticed a neqoxec
    10 | D        | Reached skill level 11 in Stealth
    10 | D        | Reached XP level 2. HP: 13/13 MP: 6/10
    10 | D        | Reached XP level 3. HP: 16/16 MP: 6/11
    10 | D        | Reached XP level 4. HP: 21/21 MP: 7/13
    13 | D        | Killed a neqoxec
    14 | D        | Reached skill level 13 in Stealth
    14 | D        | Reached XP level 5. HP: 26/26 MP: 7/15
    17 | D        | Killed a neqoxec
    18 | D        | Reached skill level 5 in Dodging
    18 | D        | Reached skill level 14 in Stealth
    18 | D        | Reached XP level 6. HP: 32/32 MP: 7/18
    18 | D        | Noticed a neqoxec
    21 | D        | Gained mutation: You occasionally lose the ability to read
                  | scrolls when taking damage. [a neqoxec]
    23 | D        | Killed a neqoxec
    33 | D        | Noticed a wyvern
    33 | D        | Noticed a wyvern
    36 | D        | Killed a wyvern
    37 | D        | Reached skill level 5 in Short Blades
    37 | D        | Reached skill level 15 in Stealth
    37 | D        | Reached XP level 7. HP: 37/37 MP: 10/20
    38 | D        | Killed a wyvern
    42 | D        | Noticed a merfolk siren
    69 | D        | Killed a merfolk siren
    69 | D        | Noticed Menkaure
    70 | D        | Reached skill level 16 in Stealth
    70 | D        | Reached XP level 8. HP: 23/42 MP: 15/22
    87 | D        | Killed Menkaure
    88 | D        | Reached skill level 10 in Hexes
   102 | D        | Learned a level 2 spell: Ensorcelled Hibernation
   106 | D        | Learned a level 3 spell: Confusing Touch
   110 | D        | Learned a level 3 spell: Dazzling Flash
   114 | D        | Learned a level 3 spell: Tukima's Dance
   557 | D        | Reached skill level 5 in Fighting
   557 | D        | Reached skill level 10 in Spellcasting
   684 | D        | Found Lyehot's Book Shop.
   684 | D        | Found Othrausko's Distillery.
   684 | D        | Found Apraen's Antique Armour Boutique.
   684 | D        | Found Jaqeirargh's Antique Weapon Shop.
   684 | D        | Found Araal's Jewellery Boutique.
   685 | D        | Found Ranatosh's Distillery.
   685 | D        | Found Qyoh's Jewellery Shop.
   685 | D        | Found Xanli's Magic Scroll Boutique.
   686 | D        | Found Atwurch's Magic Scroll Shop.
   686 | D        | Found Icla's Antique Weapon Boutique.
   688 | D        | Found Hosew's Book Boutique.
   688 | D        | Found Jomec's Book Shop.
   688 | D        | Noticed an oklob plant
   689 | D        | Found Zimipek's Book Shop.
   689 | D        | Found Ocwes's Antique Armour Boutique.
   689 | D        | Found Putzadaw's Book Shoppe.
   698 | D        | Noticed a shining eye
   703 | D        | Noticed a slime creature
   703 | D        | Noticed a slime creature
   726 | D        | Bought a book of Geomancy for 216 gold pieces
   729 | D        | Learned a level 2 spell: Passwall
   733 | D        | Learned a level 3 spell: Stone Arrow
   738 | D        | Bought a ring of flight for 227 gold pieces
   755 | D        | Bought a runed rapier for 126 gold pieces
   760 | D        | Bought a scroll of amnesia for 44 gold pieces
   786 | D        | Found a blossoming altar of Fedhas.
   787 | D        | Found a white marble altar of Elyvilon.
   788 | D        | Found a shadowy altar of Dithmenos.
   788 | D        | Found a corrupted altar of Lugonu.
   788 | D        | Found an opulent altar of Gozag.
   788 | D        | Found a burning altar of Makhleb.
   789 | D        | Found a snail-covered altar of Cheibriados.
   789 | D        | Found an ancient bone altar of Kikubaaqudgha.
   789 | D        | Found a bloodstained altar of Trog.
   791 | D        | Found a sparkling altar of Nemelex Xobeh.
   792 | D        | Found an iron altar of Okawaru.
   796 | D        | Found a radiant altar of Vehumet.
   797 | D        | Found a hide-covered altar of Uskayaw.
   798 | D        | Found a glowing silver altar of Zin.
   799 | D        | Found a shimmering blue altar of Sif Muna.
   799 | D        | Found a basalt altar of Yredelemnul.
   799 | D        | Found a viscous altar of Jiyva.
   820 | D        | Found a glowing golden altar of the Shining One.
   820 | D        | Found a shimmering altar of Xom.
   820 | D        | Found an ornate altar of the Wu Jian Council.
   820 | D        | Found a sacrificial altar of Ru.
   820 | D        | Found a stormy altar of Qazlal.
   820 | D        | Found a hazy altar of Hepliaklqana.
   827 | D        | Became a worshipper of Dithmenos the Shadowed
   851 | D        | Identified Roxanne's Codex of Minerals
   851 | D        | Noticed Roxanne
   870 | D        | Noticed a fire dragon
   872 | D        | Killed a fire dragon
   873 | D        | Reached XP level 9. HP: 45/48 MP: 24/24
   890 | D        | Reached * piety under Dithmenos
   894 | D        | Reached skill level 10 in Dodging
   907 | D        | Noticed a yaktaur
   907 | D        | Noticed a polar bear
   908 | D        | Noticed a polar bear
   908 | D        | Noticed a polar bear
   909 | D        | Killed a polar bear
   924 | D        | Killed a polar bear
   924 | D        | Reached ** piety under Dithmenos
   930 | D        | Shot with a bolt by a yaktaur

Illustrated notes

Levels and vault maps discovered:
D:        the_violet_keep_of_menkaure [sprint2_stairs_cluster_1,
          sprint2_shoproom, sprint2_temple, sprint2_basic_supplies,
          sprint2_obstacle_6, sprint2_obstacle_7, sprint2_obstacle_5,
          sprint2_obstacle_1, sprint2_obstacle_4, sprint2_timed_cluster_1,
          sprint2_smallroom_cluster_1, sprint2_smallroom_final_cluster_1,
          sprint2_transparent_cluster_1, sprint2_second_timed_cluster_1,
          sprint2_sniper_area_1, sprint2_heavy_combat_area_1,
          sprint2_mutation_trap_area_1, sprint2_forest_area_1,
          sprint2_light_combat_area_1, sprint2_behind_water_1,
          sprint2_near_end_vault_1]

Skill      XL: |  1  2  3  4  5  6  7  8  9 |
---------------+----------------------------+-----
Stealth        | 11 13 14 15 16 | 16.0
Spellcasting   | 6 7 8 9 10 11 | 11.3
Hexes          | 6 7 8 9 11 | 11.4
Fighting       | 2 3 4 5 6 |  6.3
Short Blades   | 3 4 5 6 7 8 |  8.2
Dodging        | 4 5 6 8 9 10 | 10.3
Conjurations   | 2 3 |  3.7
Earth Magic    | 3 4 |  4.5

Action                   |  1- 3 |  4- 6 |  7- 9 || total
-------------------------+-------+-------+-------++-------
Melee: Dagger            |     5 |    11 |    72 ||    88
 Cast: Confusing Touch   |       |       |     4 ||     4
       Passwall          |       |       |     2 ||     2
       Ensorcelled Hiber |       |       |    11 ||    11
  Use: Potion            |     3 |       |     3 ||     6
 Stab: Invisible         |     1 |     3 |     2 ||     6
       Sleeping          |       |     1 |     9 ||    10
       Confused          |       |       |     3 ||     3
Armor: Robe              |       |       |     1 ||     1
Dodge: Dodged            |       |     2 |    55 ||    57
